 Dungeon Crawl Stone Soup version 0.29.1-1-gd02db6906a (webtiles) character file.

Game seed: 16162769782066331966

67 Ashen the Firebug (level 4, 31/31 HPs)
             Began as a Demonspawn Fire Elementalist on Oct 12, 2022.
             Got out of the dungeon alive.
             The game lasted 00:05:02 (3005 turns).

Ashen the Firebug (Demonspawn Fire Elementalist)    Turns: 3005, Time: 00:05:03

Health: 31/31      AC:  5    Str:  9    XL:     4   Next: 0%
Magic:  7/7        EV: 12    Int: 18    God:
Gold:   58         SH:  0    Dex: 13    Spells: 5/8 levels left

rFire   . . .      SeeInvis .   m - +1 whip (venom)
rCold   . . .      Faith    .   (no shield)
rNeg    . . .      Spirit   .   a - +0 robe
rPois   .          Reflect  .   (no helmet)
rElec   .          Harm     .   c - +0 cloak
rCorr   +          Rampage  .   (no gloves)
Will    .....                   (no boots)
Stlth   ++........              (no amulet)
HPRegen 0.10/turn               q - ring of resist corrosion
MPRegen 0.20/turn               (no ring)

@: no status effects
A: molten scales 1, magic regeneration, weakness stinger 1
a: no special abilities


You escaped.
You visited 1 branch of the dungeon, and saw 3 of its levels.

You collected 91 gold pieces.
You spent 33 gold pieces at shops.

Inventory:

Hand Weapons
 h - a +0 short sword
 m - a +1 whip of venom (weapon)
Armour
 a - a +0 robe (worn)
 c - a +0 cloak (worn)
Jewellery
 q - a ring of resist corrosion (left hand)
Wands
 r - a wand of polymorph (9)
Scrolls
 d - 2 scrolls of silence {unknown}
 f - 2 scrolls of enchant armour {unknown}
 l - a scroll of immolation {unknown}
 o - a scroll of enchant weapon {unknown}
Potions
 b - a potion of magic
 e - 2 potions of brilliance {unknown}
 g - 3 potions of curing
 i - a potion of heal wounds {unknown}
 j - a potion of cancellation {unknown}
 k - a potion of flight {unknown}
 n - a potion of mutation {unknown}
 p - 3 potions of lignification
 s - a potion of invisibility {unknown}


   Skills:
 + Level 0.9 Fighting
 + Level 2.1 Dodging
 + Level 2.2 Stealth
 * Level 2.5 Spellcasting
 * Level 1.9 Conjurations
 * Level 3.1 Fire Magic


You had 5 spell levels left.
You knew the following spells:

 Your Spells              Type           Power      Damage    Failure   Level
a - Foxfire               Conj/Fire      44%        2x1d6     6%          1
b - Scorch                Fire           26%        2d6       7%          2

Your spell library contained the following spells:

 Spells                   Type           Power      Damage    Failure   Level
 Magic Dart               Conj           36%        1d4       8%          1
 Searing Ray              Conj           18%        2d5       12%         2
 Conjure Flame            Conj/Fire      11%        6-21      19%         3
 Inner Flame              Hex/Fire       7%         N/A       26%         3
 Flame Wave               Conj/Fire      11%        2d6       52%         4
 Fulminant Prism          Conj/Hex       2%         3d6       75%         4


Dungeon Overview and Level Annotations

Branches:
Dungeon (3/15)

Altars:

Shops:
D:2 !

Annotations:
D:2 Terence


Innate Abilities, Weirdness & Mutations

You are partially covered in molten scales. (AC +2)
You regenerate magic rapidly.
You have a small tail.


Message History

You hit the orc but do no damage.
The orc is heavily wounded.
The foxfire hits the orc but does no damage.
The orc is almost dead.
The foxfire hits the orc.
You kill the orc!
Things that are here:
a +0 flail; a +0 chain mail; an orc corpse A kobold comes into view.
It is wielding a +0 club.
Casting: Foxfire (safe; 6% risk of failure)
Confirm with . or Enter, or press ? or * to list all spells.
You conjure some foxfire!
The kobold shouts!
The foxfire hits the kobold.
The kobold is moderately wounded.
Your foxfire dissipates!
The kobold throws a stone.
The stone closely misses you.
Casting: Foxfire (safe; 6% risk of failure)
Confirm with . or Enter, or press ? or * to list all spells.
You conjure some foxfire!
The foxfire hits the kobold.
The kobold is severely wounded.
The foxfire hits the kobold.
You kill the kobold!
You have reached level 4!
You feel stronger.
Your demonic ancestry asserts itself...
Your magic begins to regenerate rapidly.
There is an escape hatch in the ceiling here.
A mysterious force pulls you upwards. The hatch slams shut behind you.
Level annotation: Terence You see here a +0 club.
There is a stone staircase leading up here.
Magic restored.
You climb upwards.
There is a stone staircase leading down here.
You open the door.
There is an open door here.
There is a staircase leading out of the dungeon here.
Are you sure you want to leave the Dungeon?
This will make you lose the game!
You have escaped!

###.............########
##.................##
##......####.....(...##
##.....########........##
#.....###....####.......# #
##....##...(....###......##
######....###...###...##.......#
.....#....##...###'#..###......##
######....##..##@.###..##.(.....#
# #....###..##.###..###......#
##....##.....##...###......#
##....#######....##........ #####
#......####....###........ #...#
##............## #........ #.####
####......#### ##........
##.##.### ######## #.....>...
##.#....################.........


There were no monsters in sight!

Vanquished Creatures
  2 adders (D:3)
  A worm (D:2)
  2 dart slugs
  An orc (D:3)
  3 ball pythons
  6 endoplasms (D:2)
  A giant cockroach (D:1)
  5 hobgoblins
  6 kobolds
  4 bats
  A frilled lizard (D:2)
  4 goblins (D:2)
  6 rats
42 creatures vanquished.

Vanquished Creatures (others)
  81 foxfires
81 creatures vanquished.

Grand Total: 123 creatures vanquished

Notes
Turn   | Place    | Note
-------+----------+-------------------------------------------
     0 | D:1      | Ashen the Demonspawn Fire Elementalist began the quest for
                  | the Orb.
     0 | D:1      | Reached XP level 1. HP: 13/13 MP: 3/3
   223 | D:1      | Found a faded altar of an unknown god.
   514 | D:1      | Gained mutation: You have a small tail. [demonic ancestry]
   514 | D:1      | Reached XP level 2. HP: 19/19 MP: 3/5
   596 | D:1      | Learned a level 2 spell: Scorch
  1276 | D:2      | Noticed Terence
  1772 | D:2      | Gained mutation: You are partially covered in molten
                  | scales. (AC +2) [demonic ancestry]
  1772 | D:2      | Reached XP level 3. HP: 25/25 MP: 3/6
  2033 | D:2      | Found Omnor's Distillery.
  2041 | D:2      | Bought a potion of lignification for 33 gold pieces
  2056 | D:2      | Reached skill level 3 in Fire Magic
  2925 | D:3      | Gained mutation: You regenerate magic rapidly. [demonic
                  | ancestry]
  2925 | D:3      | Reached XP level 4. HP: 31/31 MP: 4/7
  3005 | D:$      | Got out of the dungeon alive.

Illustrated notes

Levels and vault maps discovered:
D:1:      dpeg_arrival_snail, layout_loops_corners,
          ebering_ecumenical_altar_mist, dk_noncrumbling_4
D:2:      layout_rooms, serial_shops, shop, grunt_ministairs_9, uniq_terence
D:3:      layout_basic, minmay_large_rounded_square, minmay_crystal_water

Skill      XL: |  1  2  3 |
---------------+----------+-----
Stealth        | 2 |  2.2
Dodging        | 2 |  2.1
Fire Magic     | 3 |  3.1
Fighting       | |  0.9
Spellcasting   | |  2.5
Conjurations   | |  1.9

Action                   |  1- 3 |  4- 6 || total
-------------------------+-------+-------++-------
Melee: Unarmed           |     7 |       ||     7
       Whip              |    47 |       ||    47
       Short sword       |    12 |       ||    12
       Tailslap          |     7 |       ||     7
       Punch             |     1 |       ||     1
 Cast: Foxfire           |    50 |       ||    50
 Stab: Sleeping          |     4 |       ||     4
Armor: Robe              |    19 |       ||    19
Dodge: Dodged            |    46 |       ||    46
